 Dungeon Crawl Stone Soup version 0.27.1-34-g3ba077fa99 (webtiles) character file.

Game seed: 4358755765006036590

805 Descartes the Covered (level 8, 0/56 HPs)
             Began as a Formicid Warper on Jan 17, 2022.
             Was an Initiate of Gozag.
             Slain by an iguana (8 damage)
             ... on level 5 of the Dungeon.
             The game lasted 00:10:30 (5579 turns).

Descartes the Covered (Formicid Warper)             Turns: 5579, Time: 00:10:30

Health: 0/56       AC:  9    Str: 13    XL:     8   Next: 14%
Magic:  11/11      EV:  6    Int: 13    God:    Gozag
Gold:   65         SH:  0    Dex:  8    Spells: 6/11 levels left

rFire    . . .     SeeInvis +   n - +8 battleaxe "Impbane" {pain, rPois Will+++ Str-5 SInv}
rCold    + . .     Faith    .   (no shield)
rNeg     . . .     Spirit   .   t - +0 chain mail
rPois    +         Reflect  .   (helmet unavailable)
rElec    .         Harm     .   (no cloak)
rCorr    +         Rampage  .   (no gloves)
Will     +++..                  (no boots)
Stlth    ..........             (no amulet)
HPRegen  0.18/turn              r - ring of resist corrosion
MPRegen  0.12/turn              (no ring)

@: no status effects
A: permanent stasis, dig shafts and tunnels, antennae 3, four strong arms,
clumsy 1, cold resistance 1
a: Dig, Shaft Self, Renounce Religion, Potion Petition, Call Merchant, Bribe
Branch


You were on level 5 of the Dungeon.
You worshipped Gozag.
Gozag was noncommittal.
You visited 2 branches of the dungeon, and saw 7 of its levels.

You collected 362 gold pieces.
You spent 230 gold pieces at shops.
You paid 67 gold pieces to Gozag.

Inventory:

Hand Weapons
 i - a +1 whip of electrocution
 n - the +8 battleaxe "Impbane" (weapon) {pain, rPois Will+++ Str-5 SInv}
   (You bought it in a shop on level 1 of the Dungeon)

   In the hands of one skilled in necromantic magic, it inflicts extra damage on
   living creatures.
   Str:       It affects your strength (-5).
   rPois:     It protects you from poison.
   SInv:      It lets you see invisible.
   Will:      It greatly increases your willpower.
Missiles
 c - 5 boomerangs of dispersal (quivered)
 d - 72 stones
 p - 7 poisoned darts
Armour
 t - a +0 chain mail (worn)
Jewellery
 r - a ring of resist corrosion (left hand)
Wands
 u - a wand of iceblast (7)
Scrolls
 b - 3 scrolls of identify {unknown}
 f - a scroll of summoning {unknown}
 g - 2 scrolls of teleportation {unknown}
 j - a scroll of brand weapon {unknown}
 k - a scroll of fog {unknown}
 q - 2 scrolls of noise {unknown}
 s - a scroll of amnesia {unknown}
Potions
 a - a potion of heal wounds {unknown}
 e - 2 potions of curing
 h - a potion of mutation
 l - a potion of flight
 m - a potion of brilliance {unknown}


   Skills:
 - Level 2.1 Fighting
 + Level 4.2(4.4) Axes
 - Level 2.0(3.3) Maces & Flails
 - Level 1.0 Throwing
 + Level 5.4 Armour
 - Level 1.7 Dodging
 - Level 2.1 Spellcasting
 + Level 1.5 Necromancy
 + Level 5.2 Translocations


You had 6 spell levels left.
You knew the following spells:

 Your Spells              Type           Power      Damage    Failure   Level
a - Manifold Assault      Tloc           15%        N/A       100%        5

Your spell library contained the following spells:

 Spells                   Type           Power      Damage    Failure   Level
 Gell's Gravitas          Tloc           7%         N/A       91%         3
 Lesser Beckoning         Tloc           7%         N/A       91%         3
 Teleport Other           Tloc           15%        N/A       91%         3
 Shock                    Conj/Air       4%         1d3       99%         1
 Airstrike                Air            0%         N/A       100%        4
 Summon Forest            Summ/Tloc      4%         N/A       100%        5
 Summon Mana Viper        Hex/Summ       1%         N/A       100%        5
 Shadow Creatures         Summ           N/A        N/A       100%        6
 Blink                    Tloc           Unusable   N/A       N/A         2
 Swiftness                Air            Unusable   N/A       N/A         3

Dungeon Overview and Level Annotations

Branches:
Dungeon (6/15)             Temple (1/1) D:4

Altars:
Ashenzari
Cheibriados
Dithmenos
Elyvilon
Fedhas
Gozag
Kikubaaqudgha
Makhleb
Nemelex Xobeh
Qazlal
Ru
Sif Muna
Trog
Uskayaw
Wu Jian
Xom
Yredelemnul
Zin
The Shining One

Shops:
D:1 (

Annotations:
D:5 Edmund


Innate Abilities, Weirdness & Mutations

You cannot be hasted, slowed, berserked, paralysed or teleported.
You can dig through walls and to a lower floor.
You have a pair of large antennae on your head. (SInv)
Your four strong arms can wield two-handed weapons with a shield.
You are clumsy. (Dex -2)
Your flesh is cold resistant. (rC+)


Message History

You slash the iguana!
The iguana is heavily wounded.
The iguana bites you but does no damage.
You slash the iguana!
The iguana is almost dead.
The iguana bites you. x2
* * * LOW HITPOINT WARNING * * *
You slash the iguana!
You kill the iguana!
You drop a +0 scale mail.
You sense a monster nearby.
You climb downwards.
The orc barely misses you.
The orc throws a stone.
The stone hits you but does no damage.
The orc throws a poisoned dart.
The poisoned dart hits you.
You are poisoned.
There is a stone staircase leading up here.
You feel sick. The orc hits you with a +0 club.
* * * LOW HITPOINT WARNING * * *
The orc throws a stone.
The stone hits you but does no damage.
The orc throws a poisoned dart.
The poisoned dart hits you!
You climb upwards.
Level annotation: Edmund You feel sick.
There is a stone staircase leading down here.
You see here a +0 scale mail.
You slash the orc!
You kill the orc!
You feel sick.
You feel sick.
You are no longer poisoned.
Edmund shouts!
Things that are here:
38 gold pieces; a +0 club; a +0 leather armour You see here a potion of curing.
An iguana comes into view.
The iguana hisses angrily.
The iguana hisses menacingly.
The iguana bites you!
You die...
Your body crumbles into a pile of gold.

##.# # #..# ####..#
.###..# #..# .....#
#.@# #...# #..#### $
#...######..>...
#.....@......... $
#...!{>(....#...
#.#####.##########....
#...l@..# ....
#.......# ....
##.###### #... # #.. $


You could see an iguana.

Vanquished Creatures
  Purgy (D:2)
  A phantom (D:4)
  A scorpion (D:4)
  A water moccasin skeleton (D:6)
  A bullfrog zombie (D:6)
  A bullfrog skeleton (D:5)
  2 hounds
  2 orc priests (D:3)
  2 jellies
  3 iguanas
  An orc wizard (D:6)
  A hound skeleton (D:4)
  6 adders
  A white imp (D:6)
  An ufetubus (D:6)
  An adder skeleton (D:4)
  2 worms
  5 dart slugs
  8 orcs
  5 ball pythons
  13 endoplasms
  2 giant cockroaches
  9 goblins
  4 hobgoblins
  7 kobolds
  2 quokkas
  12 bats
  7 frilled lizards
  4 rats (D:1)
106 creatures vanquished.

Notes
Turn   | Place    | Note
-------+----------+-------------------------------------------
     0 | D:1      | Descartes the Formicid Warper began the quest for the Orb.
     0 | D:1      | Reached XP level 1. HP: 16/16 MP: 3/3
    29 | D:1      | Reached XP level 2. HP: 16/22 MP: 5/5
   204 | D:1      | Reached XP level 3. HP: 20/27 MP: 6/6
   463 | D:1      | Found Lule's Antique Weapon Shoppe.
   785 | D:2      | Reached XP level 4. HP: 20/33 MP: 7/7
  1062 | D:2      | Reached skill level 1 in Axes
  1597 | D:3      | Reached XP level 5. HP: 31/38 MP: 8/8
  2043 | D:3      | Noticed Purgy
  2060 | D:2      | Killed Purgy
  2061 | D:2      | Reached XP level 6. HP: 20/44 MP: 9/9
  2530 | D:3      | Found a sparkling altar of Nemelex Xobeh.
  2548 | D:3      | Found a snail-covered altar of Cheibriados.
  3477 | D:4      | Reached XP level 7. HP: 50/50 MP: 10/10
  3620 | D:4      | Found a staircase to the Ecumenical Temple.
  3627 | Temple   | Entered the Ecumenical Temple
  3863 | Temple   | Became a worshipper of Gozag Ym Sagoz the Greedy
  4001 | D:4      | Found a shimmering altar of Xom.
  4003 | D:4      | Found a blossoming altar of Fedhas.
  4003 | D:4      | Found a shimmering blue altar of Sif Muna.
  4003 | D:4      | Found an ornate altar of the Wu Jian Council.
  4012 | D:4      | Found a glowing silver altar of Zin.
  4012 | D:4      | Found an ancient bone altar of Kikubaaqudgha.
  4206 | D:4      | Learned a level 5 spell: Manifold Assault
  4340 | D:5      | Entered Level 5 of the Dungeon
  4363 | D:4      | Gained mutation: You are clumsy. (Dex -2) [potion of
                  | mutation]
  4363 | D:4      | Gained mutation: Your flesh is cold resistant. (rC+)
                  | [potion of mutation]
  4373 | D:4      | Reached skill level 5 in Armour
  4624 | D:1      | Bought a scorched battleaxe for 230 gold pieces
  4624 | D:1      | Identified the +8 battleaxe "Impbane" {pain, rPois Will+++
                  | Str-5 SInv} (You bought it in a shop on level 1 of the
                  | Dungeon)
  4729 | D:5      | Noticed Edmund
  5009 | D:6      | Reached skill level 5 in Translocations
  5405 | D:6      | Found a hide-covered altar of Uskayaw.
  5465 | D:6      | Reached skill level 1 in Necromancy
  5522 | D:6      | Reached XP level 8. HP: 55/56 MP: 11/11
  5579 | D:5      | Slain by an iguana

Illustrated notes

Levels and vault maps discovered:
D:1:      dpeg_arrival_rhombi, layout_rooms, serial_shops, shop, minmay_cut_off
D:2:      wander_river, layout_rooms
D:3:      minmay_evil_eye, layout_basic, amcnicky_altar_gilded,
          cheibriados_altar_1, uniq_purgy
D:4:      layout_cave_pools, grunt_temple_overflow_open,
          minmay_temple_entry_wispy, hex_medium, minmay_checkerbox
D:5:      layout_loops_ring, okawaru_gym_becter, uniq_edmund
D:6:      layout_basic, nicolae_overflow_crystal_walls
Temple:   jpeg_temple_alley_garden

Skill      XL: |  1  2  3  4  5  6  7 |
---------------+----------------------+-----
Translocations | 3 4 5 |  5.2
Armour         | 2 3 4 5 |  5.4
Axes           | 1 2 3 4 |  4.2
Necromancy     | 1 |  1.5
Fighting       | |  2.1
Maces & Flails | |  2.0
Throwing       | |  1.0
Dodging        | |  1.7
Spellcasting   | |  2.1

Action                   |  1- 3 |  4- 6 |  7- 9 || total
-------------------------+-------+-------+-------++-------
Melee: Mace              |    40 |       |       ||    40
       Whip              |    48 |   160 |    69 ||   277
       Battleaxe         |       |       |    44 ||    44
 Abil: Dig               |     1 |       |       ||     1
  Use: Potion            |       |       |     5 ||     5
Armor: Leather armour    |    25 |     6 |       ||    31
       Ring mail         |       |    28 |       ||    28
       Scale mail        |       |    36 |    27 ||    63
       Chain mail        |       |       |    21 ||    21
       Skin              |       |       |     5 ||     5
Dodge: Dodged            |    61 |    88 |    51 ||   200
